 Dungeon Crawl Stone Soup version 0.21.0-25-ge575cb9ce8 (webtiles) character file.

390 Optimism the Cudgeler (level 6, -1/61 HPs)
             Began as a Troll Berserker on Jan 24, 2018.
             Was a Priest of Trog.
             Slain by a gnoll
             ... wielding a +0 halberd
              (9 damage)
             ... on level 4 of the Dungeon.
             The game lasted 00:09:43 (2305 turns).

Optimism the Cudgeler (Troll Berserker)             Turns: 2305, Time: 00:09:44

Health: -1/61      AC:  5    Str: 28    XL:     6   Next: 50%
Magic:  5/5        EV: 11    Int:  3    God:    Trog [***...]
Gold:   157        SH:  0    Dex:  9    Spells: 5/5 levels left

rFire    . . .     SeeInvis .   a - +0 mace
rCold    . . .     Gourm    +   (no shield)
rNeg     . . .     Faith    .   b - +0 animal skin
rPois    .         Spirit   .   (helmet restricted)
rElec    .         Reflect  .   (no cloak)
rCorr    .         Harm     .   (gloves unavailable)
MR       .....                  (boots unavailable)
Stlth    +.........             (no amulet)
HPRegen  0.60/turn              (no ring)
MPRegen  0.09/turn              (no ring)

@: no status effects
A: large, unfitting armour, claws 3, fast metabolism 3, gourmand, regeneration
1, shaggy fur 1, tough skin 2
a: Berserk, Trog's Hand, Burn Spellbooks, Renounce Religion


You were on level 4 of the Dungeon.
You worshipped Trog.
Trog was most pleased with you.
You were completely stuffed.

You visited 1 branch of the dungeon, and saw 4 of its levels.

You collected 157 gold pieces.

Inventory:

Hand Weapons
 a - a +0 mace (weapon)
Armour
 b - a +0 animal skin (worn)
Jewellery
 e - a cursed ring of loudness {unknown}
 g - an uncursed ring of ice {unknown}
 q - a +4 ring of strength {unknown}
Scrolls
 d - a scroll of teleportation {unknown}
 h - a scroll of enchant armour {unknown}
 i - 2 scrolls of fear {unknown}
 l - a scroll of magic mapping {unknown}
 n - a scroll of amnesia {unknown}
 o - 2 scrolls of remove curse {unknown}
 r - a scroll of identify {unknown}
Potions
 f - a potion of agility
 j - a potion of heal wounds {unknown}
 k - 2 potions of degeneration {unknown}
 m - a potion of flight {unknown}
 p - a potion of mutation {unknown}
Comestibles
 c - 4 rations
 s - 14 chunks of flesh


   Skills:
 + Level 3.5 Fighting
 + Level 4.9 Maces & Flails
 + Level 4.0 Dodging
 + Level 0.2 Stealth


You had 5 spell levels left.
You didn't know any spells.

Dungeon Overview and Level Annotations

Branches:
Dungeon (4/15)
 Temple: D:4-7

Altars:
Okawaru


Innate Abilities, Weirdness & Mutations

You are too large for most types of armour.
You have claws for hands.
Your metabolism is lightning-fast.
You like to eat raw meat.
Your natural rate of healing is unusually fast.
You are covered in fur. (AC +1)
You have very tough skin. (AC +2)


Message History

The gnoll shaman is heavily wounded.
The gnoll closely misses you. The gnoll barely misses you.
The gnoll shaman hits you with a club!
You thump the gnoll shaman!
You kill the gnoll shaman!
Trog accepts your kill.
Your Dodging skill increases to level 4!
The gnoll hits you but does no damage. The gnoll barely misses you.
The gnoll completely misses you. The gnoll hits you but does no damage.
Things that are here:
a club; a runed leather armour You hit the gnoll but do no damage.
The gnoll hits you with a spear.
The gnoll hits you from afar with a halberd!
The gnoll hits you with a spear.
The gnoll hits you from afar with a halberd!
* * * LOW HITPOINT WARNING * * *
You hit the gnoll but do no damage. The gnoll hits you with a spear!
* * * LOW HITPOINT WARNING * * *
The gnoll hits you from afar with a halberd!
You die...

#
#g##########
#gg@)......#
##########.#
#.# #.# #.#
#.#########
#.........#
#########.#
#.#


You could see 3 gnolls.

Vanquished Creatures
  2 orc priests (D:4)
  3 orc wizards (D:4)
  A gnoll shaman (D:4)
  3 worker ants (D:4)
  A gnoll (D:4)
  4 adders
  An ooze (D:2)
  An adder skeleton (D:4)
  2 worms (D:2)
  2 dart slugs
  2 leopard geckos
  4 orcs (D:4)
  A ball python (D:1)
  15 bats
  5 giant cockroaches
  11 hobgoblins
  12 kobolds
  A quokka (D:2)
  6 frilled lizards
  7 goblins
  A jackal skeleton (D:4)
  7 rats
92 creatures vanquished.

Notes
Turn   | Place    | Note
-------+----------+-------------------------------------------
     0 | D:1      | Optimism the Troll Berserker began the quest for the Orb.
     0 | D:1      | Reached XP level 1. HP: 22/22 MP: 0/0
   124 | D:1      | Reached XP level 2. HP: 29/29 MP: 1/1
   307 | D:1      | Reached ** piety under Trog
   386 | D:1      | Reached XP level 3. HP: 33/36 MP: 2/2
   892 | D:2      | Reached XP level 4. HP: 29/44 MP: 3/3
  1432 | D:3      | Reached *** piety under Trog
  1530 | D:3      | Found a faded altar of an unknown god.
  1582 | D:3      | Found an iron altar of Okawaru.
  2067 | D:4      | Reached XP level 5. HP: 31/53 MP: 4/4
  2201 | D:4      | Reached XP level 6. HP: 37/61 MP: 5/5
  2305 | D:4      | Slain by a gnoll

Skill      XL: |  1  2  3  4  5  6 |
---------------+-------------------+-----
Maces & Flails | 3 4 |  4.9
Dodging        | 3 4 |  4.0
Fighting       | 3 |  3.5
Stealth        | |  0.2

Action                   |  1- 3 |  4- 6 || total
-------------------------+-------+-------++-------
Melee: Mace              |   119 |   183 ||   302
Invok: Berserk           |     2 |     2 ||     4
  Eat: Chunk             |    15 |    17 ||    32
Armor: Animal skin       |    64 |   101 ||   165
Dodge: Dodged            |   107 |   165 ||   272
